 Dungeon Crawl Stone Soup version 0.31-a0-435-g2c6fae2916 (webtiles) character file.

Game seed: 15327410950834294370

2242 Gelion the Changeling (level 9, -1/62 HPs)
             Began as an Octopode Shapeshifter on Aug 1, 2023.
             Was an Initiate of Gozag.
             Slain by an ice beast (7 damage)
             ... on level 7 of the Dungeon.
             The game lasted 00:11:25 (5372 turns).

Gelion the Changeling (Octopode Shapeshifter)       Turns: 5372, Time: 00:11:26

Health: -1/62      AC:  1    Str: 20    XL:     9   Next: 37%
Magic:  9/9        EV: 13    Int: 10    God:    Gozag
Gold:   296        SH:  0    Dex: 17    Spells: 8/8 levels left

rFire   . .          .
                       - Unarmed
rCold   . . .        (no shield)
rNeg    . . .        (helmet currently unavailable)
rPois   +            (no amulet)
rElec   .            i - ring of see invisible
rCorr   .            l - +4 ring of slaying
SInv    +            q - ring of poison resistance
Will    .....        y - +6 ring of strength
Stlth   +++          (no ring)
HPRegen 0.30/turn    (no ring)
MPRegen 0.11/turn    (no ring)
                     (no ring)

%: no passive effects
@: mighty, lethally poisoned (-1 -> -1), beast-form, gold aura, hasted
(expiring), very quick
A: beast (slay +5), almost no armour, amphibious, 8 rings, camouflage 1,
gelatinous body 1, (nimble swimmer 1), tentacles
a: Begin Untransformation, Renounce Religion, Potion Petition, Call Merchant,
Bribe Branch


You were on level 7 of the Dungeon.
You worshipped Gozag.
Gozag was aware of your devotion.
You were a hulking beast.
You visited 2 branches of the dungeon, and saw 8 of its levels.
You also visited: Sewer.

You collected 422 gold pieces.
You paid 126 gold pieces to Gozag.

Inventory:

Armour
 d - a +0 kite shield
Jewellery
 i - a ring of see invisible (left tentacle)
 l - a +4 ring of slaying (right tentacle)
 q - a ring of poison resistance (on tentacle)
 w - a ring of ice
 x - a +6 ring of intelligence
 y - a +6 ring of strength (on tentacle)
Talismans
 b - a beast talisman (active)
Wands
 n - a wand of polymorph (6)
 p - a wand of mindburst (4)
 t - a wand of flame (35)
 z - a wand of quicksilver (8)
Scrolls
 f - 3 scrolls of teleportation
 g - a scroll of blinking
 h - 3 scrolls of enchant armour
 r - a scroll of amnesia
 s - a scroll of fear
Potions
 a - a potion of lignification
 c - a potion of haste
 e - 7 potions of curing
 j - 3 potions of cancellation
 k - a potion of might
 m - 2 potions of heal wounds
 o - a potion of resistance
 u - a potion of brilliance
 v - a potion of mutation {unknown}


   Skills:
 + Level 6.0 Fighting
 - Level 2.0 Dodging
 + Level 6.8 Unarmed Combat
 * Level 7.9 Shapeshifting


You had 8 spell levels left.
You didn't know any spells.
Your spell library contained the following spells:

 Spells                   Type           Power      Damage    Failure   Level
 Apportation              Tloc           0%         N/A       36%         1
 Necrotise                Necr           0%         1d4       36%         1
 Summon Small Mammal      Summ           0%         N/A       36%         1
 Portal Projectile        Hex/Tloc       0%         N/A       75%         3
 Tukima's Dance           Hex            0%         N/A       75%         3
 Iskenderun's Mystic Bla  Conj/Tloc      0%         2d3       98%         4


Dungeon Overview and Level Annotations

Branches:
Dungeon (7/15)             Temple (1/1) D:7           Sewer (visited)

Altars:
Ashenzari
Cheibriados
Dithmenos
Elyvilon
Fedhas
Gozag
Hepliaklqana
Kikubaaqudgha
Makhleb
Okawaru
Qazlal
Ru
Trog
Uskayaw
Vehumet
Wu Jian
Yredelemnul
Zin

Shops:
D:3 [   D:5 :


Innate Abilities, Weirdness & Mutations

You are a hulking beast.
Your limbs bulge with bestial killing power. (Slay +5)
You cannot wear most types of armour.
You are amphibious.
You can wear up to eight rings at the same time.
Your skin changes colour to match your surroundings (Stealth+).
Your rubbery body absorbs attacks. (AC +1, EV +1)
((You are camouflaged when in or above water. (Stealth+)))
You have tentacles for arms and can constrict up to eight enemies at once.


Message History

You constrict the killer bee. The killer bee stings you!
* * * LOW HITPOINT WARNING * * *
You are poisoned.
The killer bee poisons you!
You batter the killer bee!!
You kill the killer bee!
You feel sick.
You closely miss the killer bee. Your grab misses the killer bee.
Your squeeze misses the killer bee.
You feel sick. The killer bee barely misses you.
You barely miss the killer bee. You grab the killer bee.
You squeeze the killer bee!!
You kill the killer bee!
You feel sick.
You feel much better.
You feel sick.
You feel sick.
A sky beast comes into view.
You feel sick.
The sky beast is distracted by your dazzling golden aura.
You see here 26 gold pieces.
You feel sick.
You see here 9 gold pieces.
You miss the sky beast.
The sky beast is no longer distracted by gold.
You tentacle-slap the sky beast!
The sky beast is severely wounded.
Your extra speed is starting to run out.
You feel sick. The sky beast hits you. The sky beast shocks you.
* * * LOW HITPOINT WARNING * * *
You feel sick.
You see here 26 gold pieces.
The sky beast hits you.
* * * LOW HITPOINT WARNING * * *
The sky beast shocks you.
* * * LOW HITPOINT WARNING * * *
The ice beast hits you.
* * * LOW HITPOINT WARNING * * *
The ice beast freezes you!
You die...
Your body crumbles into a pile of gold.

#..yy..T#########....#
#.....#.......##....###
#.....#.......##....'..
##Y...?#.......##....###
............[..''.>..#
########.......##....#
#.......###'#.#
#####Y......# #.#)#
#..$hY..##### #.#.###
#.#####.##### #.#.##.
#.#.)#...#[.###'#.##.
#.#..#...#..##...[##.
#.#.##...##.##....#<.
..##..###..###....#..
..##..# #..# #....#..
#.##### #### ##.#.#..
#.# #.#.###


You could see an ice beast and a sky beast.

Vanquished Creatures
  A troll (D:7)
  An acid dragon (D:7)
  A black bear (D:5)
  A sky beast (D:6)
  An ice beast (D:6)
  An orc warrior (D:7)
  An ogre (D:6)
  A phantom (D:7)
  2 bullfrogs (D:7)
  2 scorpions (D:4)
  4 wights (D:7)
  4 killer bees (D:7)
  A howler monkey (D:7)
  4 jellies
  4 orc priests
  2 iguanas
  2 orc wizards
  4 sleepcaps
  A hell rat (Sewer)
  8 adders
  3 river rats (Sewer)
  A shadow imp (D:6)
  5 white imps
  2 ufetubi
  2 worms
  2 dart slugs
  9 orcs
  6 ball pythons
  5 bats
  8 endoplasms
  4 giant cockroaches
  7 goblins
  5 hobgoblins
  2 quokkas
  2 frilled lizards
  7 kobolds
  9 rats
125 creatures vanquished.

Notes
Turn   | Place    | Note
-------+----------+-------------------------------------------
     0 | D:1      | Gelion the Octopode Shapeshifter began the quest for the
                  | Orb.
     0 | D:1      | Reached XP level 1. HP: 13/13 MP: 1/1
   140 | D:1      | Found a faded altar of an unknown god.
   270 | D:1      | Reached XP level 2. HP: 12/18 MP: 2/2
   706 | D:2      | Reached XP level 3. HP: 22/23 MP: 3/3
  1147 | D:3      | Reached XP level 4. HP: 27/29 MP: 4/4
  1174 | D:3      | Found Aguihorgh's Antique Armour Shop.
  1647 | D:4      | Noticed a scorpion
  1655 | D:4      | Killed a scorpion
  1656 | D:4      | Reached skill level 4 in Shapeshifting
  1656 | D:4      | Reached XP level 5. HP: 35/35 MP: 5/5
  1909 | D:4      | Reached XP level 6. HP: 39/41 MP: 6/6
  1959 | D:4      | Found a glowing drain.
  1959 | D:4      | You fall into a shaft and drop 1 floor!
  1959 | D:5      | Entered Level 5 of the Dungeon
  1991 | Sewer    | Entered a sewer
  2252 | D:4      | Reached skill level 5 in Shapeshifting
  2487 | D:5      | Found Wack's Book Shop.
  2647 | D:5      | Found a shadowy altar of Dithmenos.
  2647 | D:5      | Found a blossoming altar of Fedhas.
  2653 | D:5      | Reached XP level 7. HP: 29/46 MP: 7/7
  3482 | D:6      | Reached skill level 5 in Unarmed Combat
  3953 | D:6      | Found a snail-covered altar of Cheibriados.
  3960 | D:6      | Found a glowing silver altar of Zin.
  4119 | D:6      | Reached XP level 8. HP: 26/54 MP: 8/8
  4122 | D:6      | Reached skill level 6 in Shapeshifting
  4423 | D:6      | Found a sacrificial altar of Ru.
  4610 | D:7      | Reached skill level 5 in Fighting
  4666 | D:7      | Found a staircase to the Ecumenical Temple.
  4676 | Temple   | Entered the Ecumenical Temple
  4713 | Temple   | Became a worshipper of Gozag Ym Sagoz the Greedy
  4823 | D:7      | Reached skill level 7 in Shapeshifting
  4897 | D:7      | Noticed a troll
  4898 | D:7      | Reached XP level 9. HP: 10/61 MP: 9/9
  5359 | D:7      | Killed a troll
  5372 | D:7      | Slain by an ice beast

Illustrated notes

Levels and vault maps discovered:
D:1:      erik_arrival_orb_chamber, layout_basic,
          shapermc_ecumenical_altar_mp_urbaneastern
D:2:      layout_basic, kennysheep_generic_room_3
D:3:      layout_rooms, serial_shops, nicolae_shop_tiny_glass,
          nicolae_figureground_pulse
D:4:      layout_basic, cheibrodos_sewer_entry_drain
D:5:      layout_cave_pools, gammafunk_temple_overflow_statue, serial_shops,
          shop, serial_bayou_ford_a, minmay_misc_feat_tower
D:6:      layout_loops_corners, mainiacjoe_overflow_alcove_1,
          mainiacjoe_overflow_big_doors
D:7:      minmay_blocky_corners, layout_basic, tso_metal_star,
          nemelex_diamond_rough_becter, minmay_temple_entry_arrows,
          enter_bailey_3
Temple:   oiseaux_autumnal_temple

Skill      XL: |  1  2  3  4  5  6  7  8  9 |
---------------+----------------------------+-----
Fighting       | 2 3 4 5 6 |  6.0
Shapeshifting  | 4 5 7 |  7.9
Unarmed Combat | 4 5 6 |  6.8
Dodging        | |  2.0

Action                     |  1- 3 |  4- 6 |  7- 9 || total
---------------------------+-------+-------+-------++-------
  Melee: Unarmed           |    54 |    85 |   106 ||   245
         Constrict         |    15 |    29 |    30 ||    74
         Tentacles         |    11 |    21 |    28 ||    60
         Punch             |     1 |     1 |     3 ||     5
    Use: Scroll            |     5 |     8 |     6 ||    19
         Potion            |       |       |     4 ||     4
   Stab: Sleeping          |     8 |     6 |     5 ||    19
         Distracted        |       |     1 |       ||     1
 Armour: Skin              |     5 |     2 |     1 ||     8
  Dodge: Dodged            |    30 |    46 |    50 ||   126

Table legend: (Time is in decaauts)
 A = Elapsed time spent in this place.
 B = Non-inter-level travel time spent in this place.
 C = Inter-level travel time spent in this place.
 D = Time resting spent in this place.
 E = Time spent auto-exploring this place.
 F = Levels seen in this place.
 G = Mean time per level.
                   A        B        C        D        E       F      G
               +--------+--------+--------+--------+--------+-----+--------+
         Total |   5336 |   4717 |    619 |    153 |   3726 |   9 |  592.9 |
       Dungeon |   5136 |   4585 |    551 |    153 |   3644 |   7 |  733.7 |
        Temple |     70 |      2 |     68 |      0 |      0 |   1 |   70.0 |
         Sewer |    128 |    128 |      0 |      0 |     82 |   1 |  128.0 |
               +--------+--------+--------+--------+--------+-----+--------+

Top non-repeatable levels by time:
     D:6: 1618 daAuts
     D:5: 787 daAuts
     D:4: 714 daAuts
     D:1: 626 daAuts
     D:3: 515 daAuts
     D:2: 468 daAuts
     D:7: 406 daAuts
   Sewer: 128 daAuts
  Temple: 70 daAuts
